 Dungeon Crawl Stone Soup version 0.18-a0-1677-g2bdad6c (webtiles) character file.

89301 Oddball22 the Warrior (level 15, -3/129 HPs)
             Began as a Demonspawn Fighter on Apr 2, 2016.
             Was the Champion of Cheibriados.
             Killed from afar by Nikola (27 damage)
             ... with a chain lightning
             ... on level 1 of the Spider Nest.
             The game lasted 00:54:48 (24739 turns).

Oddball22 the Warrior (Demonspawn Fighter)         Turns: 24739, Time: 00:54:49

Health: -3/129     AC: 25    Str: 37    XL:     15   Next: 49%
Magic:  0/25       EV: 21    Int: 26    God:    Cheibriados [******]
Gold:   1846       SH: 16    Dex: 34    Spells: 0 memorised, 26 levels left

rFire  . . .     SeeInvis .     G - +6 mace of Calamity {pain, Int+2}
rCold  . . .     Gourm    .     e - +13 plate armour "Abbout" {rPois Str+5}
rNeg   . . .     Faith    .     c - +0 shield
rPois  +         Spirit   +     (helmet restricted)
rElec  .         Dismiss  .     g - +2 cloak
rCorr  .         Reflect  .     q - +0 pair of gloves
SustAt .         Harm     .     U - +0 pair of boots
MR     ++...                    D - amulet of guardian spirit
Stlth  ..........               W - +4 ring of evasion
                                s - ring of protection from magic

@: corroded, very slow, very resistant to hostile enchantments, extremely
unstealthy
A: horns 2, yellow scales 2, spiny 3, magic shield
a: Bend Time, Temporal Distortion, Slouch, Step From Time, Renounce Religion


You were on level 1 of the Spider Nest.
You worshipped Cheibriados.
Cheibriados was exalted by your worship.
You were not hungry.

You visited 3 branches of the dungeon, and saw 23 of its levels.
You also visited: Ice Cave.

You collected 1846 gold pieces.

Inventory:

Hand Weapons
 G - the +6 mace of Calamity (weapon) {pain, Int+2}
   (You found it on level 5 of the Dungeon)

   In the hands of one skilled in necromantic magic, it inflicts extra damage on
   living creatures.
   It affects your intelligence (+2).
Armour
 c - a +0 shield (worn)
 e - the +13 plate armour "Abbout" (worn) {rPois Str+5}
   (You found it on level 5 of the Lair of Beasts)

   It affects your strength (+5).
   It protects you from poison.
 g - a +2 cloak (worn)
 q - a +0 pair of gloves (worn)
 U - a +0 pair of boots (worn)
Jewellery
 h - an uncursed ring of positive energy
 i - an uncursed ring of wizardry
 s - a ring of protection from magic (left hand)
 D - an amulet of guardian spirit (around neck)
 V - a +1 ring of slaying {unknown}
 W - a +4 ring of evasion (right hand)
Wands
 l - a wand of lightning (9/15)
 o - a wand of acid (10/15)
 A - a wand of iceblast (14/15)
 C - a wand of flame (27/48)
 N - a wand of slowing (24/48)
 O - a wand of polymorph (12/24)
 X - a wand of confusion (9/48)
 Y - a wand of iceblast (6/15)
Scrolls
 m - 10 scrolls of teleportation
 p - 5 scrolls of fear
 r - 2 scrolls of amnesia
 t - 9 scrolls of remove curse
 y - 4 scrolls of magic mapping
 F - 4 scrolls of fog
 I - 3 scrolls of silence
 J - 4 scrolls of recharging
 K - 3 scrolls of enchant weapon
 R - 4 scrolls of enchant armour
 Z - 5 scrolls of identify
Potions
 d - a potion of resistance
 j - 2 potions of agility
 k - 2 potions of cancellation
 u - 3 potions of mutation
 w - 3 potions of invisibility
 B - 4 potions of cure mutation
 E - 2 potions of curing
 M - 4 potions of lignification
 P - 2 potions of might
 S - a potion of heal wounds
 T - 4 potions of flight
Books
 b - a book of Beasts

   Spells                             Type                      Level
   a - Summon Butterflies             Summoning                    1
   b - Call Canine Familiar           Summoning                    3
   c - Summon Ice Beast               Ice/Summoning                4
   d - Summon Mana Viper              Hexes/Summoning              5
   e - Summon Hydra                   Summoning                    7
 n - a book of Burglary

   Spells                             Type                      Level
   a - Swiftness                      Charms/Air                   2
   b - Passwall                       Transmutation/Earth          2
   c - Passage of Golubria            Translocation                4
   d - Lee's Rapid Deconstruction     Earth                        5
   e - Darkness                       Hexes                        6
   f - Invisibility                   Hexes                        6
Comestibles
 a - a chunk of flesh
 f - 11 bread rations
 v - 9 fruits
 x - 5 beef jerkies
 z - 11 meat rations
 L - 3 royal jellies
 Q - 4 slices of pizza


   Skills:
 - Level 15.2 Fighting
   Level 7.2 Axes
 - Level 11.0 Armour
 + Level 8.2 Dodging
 - Level 10.9 Shields
 + Level 6.4 Spellcasting
 - Level 13.4 Invocations


You had 26 spell levels left.
You didn't know any spells.

Dungeon Overview and Level Annotations

Branches:
Dungeon (14/15)            Temple (0/1) D:7            Lair (8/8) D:9
 Shoals (0/4) Lair:5       Spider (1/4) Lair:3        Slime (0/6) Lair:8
    Orc (0/2) D:12         Vaults (0/5) D:14

Altars:
Ashenzari
Cheibriados
Dithmenos
Elyvilon
Fedhas
Kikubaaqudgha
Nemelex Xobeh
Okawaru
Pakellas
Ru
Sif Muna
Trog
Vehumet
Zin
Beogh

Shops:
D:4 :   D:6 =

Annotations:
Spider:1 Nikola


Innate Abilities, Weirdness & Mutations

You have a pair of horns on your head.
You are mostly covered in yellow scales (AC +3).
You are completely covered in sharp spines.
When hurt, damage is shared between your health and your magic reserves.


Message History

The jumping spider completely misses you.
You sock the jumping spider! You headbutt the jumping spider.
You kill the jumping spider!
Cheibriados thoroughly appreciates the change of pace.
Eat one of 2 chunks of flesh? (ye/n/q/i?) This raw flesh tastes terrible.
You continue eating. x2
Drink which item? (? for menu, Esc to quit)
Okay, then.
You hit Nikola but do no damage.
Nikola is almost dead.
Nikola mumbles, "Hm, I wonder if you're conductive."
Nikola hits you but does no damage.
You are electrocuted!
* * * LOW HITPOINT WARNING * * *
You barely miss Nikola. You headbutt Nikola!!
Nikola is almost dead.
Nikola casts a spell.
You hear a mighty clap of thunder!
The lightning arc hits you!
You die...

#####.. .## .# s..†#.
.)#.... ##.@§.###....#.
....#.#....#..
...##†....##..##
#.........#.#.#
#..#...##†.#^.#[#
#..###@#.....#..
#.#...†@#..#$.#..
#^......#..#####.. ######
..#.#.#..##...#..###..##.
#.#...##....†#...#......
####..#.##.##.#.......
#..#....#..#....##.## ..
#.#...†#..#######
..####.†....# #..
#...##...#


You could see Nikola.

Vanquished Creatures
  Nessos (Lair:5)
  The ghost of Fv001 the Cleaver, a journeyman DsCK of Xom (Lair:6)
  The ghost of SirMumm the Eclecticist, a journeyman HEWz of Vehumet (Lair:6)
  Snorg (D:10)
  An ice dragon (Lair:6)
  An entropy weaver (Spider:1)
  5 hydras
  Erolcha (D:13)
  2 centaur warriors
  A tengu warrior (D:13)
  6 death yaks (Lair:8)
  2 ogre magi
  Urug (Lair:1)
  8 spriggans (Lair:8)
  4 unseen horrors
  3 orb spiders (Spider:1)
  A lindwurm (Lair:8)
  5 hill giants
  A wolf spider (D:13)
  6 griffons
  A manticore (D:11)
  A wolf spider zombie (D:12)
  A hornet (D:13)
  7 ugly things
  An orc knight (D:13)
  3 cyclopes
  7 elephants
  2 sirens (Lair:5)
  10 black mambas
  A centaur zombie (D:10)
  A torpor snail (Lair:7)
  3 gargoyles
  10 spiny frogs
  Psyche (D:8)
  2 rime drakes
  A kobold demonologist (D:11)
  2 demonic crawlers (Spider:1)
  A spriggan druid (Lair:8)
  6 komodo dragons
  A tengu conjurer (D:13)
  2 boulder beetles
  2 jumping spiders (Spider:1)
  7 trolls
  Grinder (D:5)
  2 two-headed ogres (D:14)
  A giant leech (shapeshifter) (D:13)
  12 polar bears
  30 blink frogs
  3 shadows (D:12)
  A redback (shapeshifter) (D:14)
  The ghost of Fv001 the Covert, an amateur SpAs (D:12)
  2 wraiths
  Sigmund (D:3)
  2 tarantellas (Spider:1)
  2 wyverns
  11 redbacks
  2 basilisks
  55 yaks
  13 hippogriffs
  A hungry ghost (D:10)
  Eustachio (D:4)
  A redback simulacrum (D:12)
  Edmund (D:5)
  14 water moccasins
  6 porcupines
  24 ice beasts
  7 black bears
  An orc warrior (D:12)
  3 sky beasts
  4 necrophages
  6 wasps
  3 phantoms
  3 ogres
  28 wolves
  13 crocodiles
  13 centaurs
  2 big kobolds
  22 giant frogs
  A wyvern zombie (D:12)
  A water moccasin zombie (D:9)
  A wyvern skeleton (D:11)
  9 scorpions
  15 killer bees
  3 electric eels (D:9)
  8 wights
  7 howler monkeys
  A vampire bat (D:4)
  3 crimson imps
  2 quasits (D:9)
  6 jellies
  10 hounds
  11 orc priests
  2 giant frog skeletons
  5 centaur skeletons
  Ijyb (D:3)
  18 iguanas
  18 orc wizards
  5 worker ants
  A killer bee zombie (D:3)
  15 sheep
  A hound skeleton (D:5)
  A mummy (D:7)
  Robin (D:3)
  A worker ant zombie (D:11)
  4 gnolls
  2 howler monkey skeletons
  15 adders
  39 river rats
  2 shadow imps
  3 adder skeletons
  An adder zombie (D:5)
  A worm (D:2)
  6 giant geckos
  54 orcs
  A ball python (D:1)
  14 bats
  8 giant cockroaches
  15 goblins
  5 hobgoblins
  14 jackals
  A quokka (D:8)
  A giant gecko zombie (D:5)
  5 giant newts
  15 kobolds
  2 quokka skeletons
  9 rats
  A plant (Lair:8)
782 creatures vanquished.

Vanquished Creatures (others)
  An ice dragon (D:2)
  A jumping spider (Spider:1)
  A tarantella (Spider:1)
  A water moccasin (Lair:8)
  8 bushes (Lair:8)
  58 fungi
  20 plants
90 creatures vanquished.

Grand Total: 872 creatures vanquished

Notes
Turn   | Place    | Note
--------------------------------------------------------------
     0 | D:1      | Oddball22 the Demonspawn Fighter began the quest for the Orb.
     0 | D:1      | Reached XP level 1. HP: 18/18 MP: 1/1
   106 | D:1      | Gained mutation: You have a pair of small horns on your head. [demonic ancestry]
   106 | D:1      | Reached XP level 2. HP: 21/24 MP: 2/2
   446 | D:2      | Found a shadowy altar of Dithmenos.
   524 | D:2      | Reached XP level 3. HP: 25/29 MP: 3/3
  1069 | D:2      | Reached skill level 1 in Dodging
  1135 | D:2      | Found an oddly glowing altar of Pakellas.
  1135 | D:2      | Noticed an ice dragon
  1155 | D:2      | Killed an ice dragon
  1181 | D:2      | Reached XP level 4. HP: 37/37 MP: 4/4
  1418 | D:2      | Found a glowing silver altar of Zin.
  1446 | D:3      | Noticed Robin
  1454 | D:3      | Killed Robin
  1481 | D:3      | Reached skill level 4 in Fighting
  1561 | D:3      | Gained mutation: You have a pair of horns on your head. [demonic ancestry]
  1561 | D:3      | Reached XP level 5. HP: 23/42 MP: 5/5
  1758 | D:3      | Found a blossoming altar of Fedhas.
  2259 | D:3      | Noticed Ijyb
  2268 | D:3      | Killed Ijyb
  2363 | D:3      | Noticed Sigmund
  2379 | D:3      | Killed Sigmund
  2379 | D:3      | Reached skill level 5 in Fighting
  2379 | D:3      | Gained mutation: You are partially covered in sharp spines. [demonic ancestry]
  2379 | D:3      | Reached XP level 6. HP: 26/51 MP: 6/6
  2747 | D:4      | Found a white marble altar of Elyvilon.
  2884 | D:4      | Gained mutation: You are mostly covered in sharp spines. [demonic ancestry]
  2884 | D:4      | Reached XP level 7. HP: 56/56 MP: 7/7
  3005 | D:4      | Noticed Eustachio
  3011 | D:4      | Killed Eustachio
  3020 | D:4      | Reached skill level 6 in Fighting
  3256 | D:4      | Found Tuevufu's Book Emporium.
  3369 | D:4      | Found an iron altar of Okawaru.
  3371 | D:4      | Gained mutation: You are partially covered in yellow scales (AC +2). [demonic ancestry]
  3371 | D:4      | Reached XP level 8. HP: 65/65 MP: 8/8
  3420 | D:4      | Found a sparkling altar of Nemelex Xobeh.
  3674 | D:5      | Entered Level 5 of the Dungeon
  3677 | D:5      | Noticed Grinder
  3677 | D:5      | Paralysed by Grinder for 6 turns
  3687 | D:5      | Killed Grinder
  3835 | D:5      | Noticed Edmund
  3843 | D:5      | Killed Edmund
  3843 | D:5      | Reached skill level 7 in Fighting
  3993 | D:5      | Got a steaming mace
  4052 | D:5      | Found a deep blue altar of Sif Muna.
  4492 | D:6      | Reached skill level 5 in Shields
  5039 | D:6      | Reached XP level 9. HP: 73/73 MP: 9/9
  5156 | D:6      | Found Xiwi's Jewellery Shop.
  5214 | D:6      | Reached skill level 5 in Armour
  5231 | D:7      | Reached skill level 8 in Fighting
  5231 | D:7      | Reached skill level 5 in Axes
  5388 | D:7      | Found a snail-covered altar of Cheibriados.
  5400 | D:7      | Became a worshipper of Cheibriados the Contemplative
  5428 | D:7      | Found a staircase to the Ecumenical Temple.
  5514 | D:7      | Found a shattered altar of Ashenzari.
  5514 | D:7      | Found a bloodstained altar of Trog.
  5568 | D:7      | Reached skill level 1 in Invocations
  5572 | D:7      | Found an ancient bone altar of Kikubaaqudgha.
  5576 | D:7      | Found a deep blue altar of Sif Muna.
  5586 | D:7      | Identified Sif Muna's Catalogue of Summoning
  5596 | D:7      | Found a radiant altar of Vehumet.
  5664 | D:7      | Found a sacrificial altar of Ru.
  5832 | D:8      | Reached * piety under Cheibriados
  6194 | D:8      | Noticed Psyche
  6201 | D:8      | Killed Psyche
  6201 | D:8      | Reached skill level 5 in Dodging
  6303 | D:8      | Reached ** piety under Cheibriados
  6475 | D:8      | Reached XP level 10. HP: 77/82 MP: 12/12
  7158 | D:9      | Identified the +6 mace of Calamity {pain, Int+2} (You found it on level 5 of the Dungeon)
  7166 | D:9      | Reached *** piety under Cheibriados
  7205 | D:9      | Found a staircase to the Lair.
  7501 | D:9      | Reached skill level 5 in Invocations
  7688 | D:9      | Noticed a centaur warrior
  7693 | D:9      | Reached skill level 9 in Fighting
  7698 | D:9      | Killed a centaur warrior
  8371 | D:10     | Entered Level 10 of the Dungeon
  8438 | D:10     | Noticed Snorg
  8447 | D:10     | Killed Snorg
  8520 | D:10     | Reached **** piety under Cheibriados
  8555 | D:10     | Gained mutation: You are mostly covered in yellow scales (AC +3). [demonic ancestry]
  8555 | D:10     | Reached XP level 11. HP: 73/89 MP: 15/15
  9131 | D:11     | Found a frozen archway.
  9440 | D:11     | Found a flagged portal.
  9444 | IceCv    | Entered an ice cave
 10467 | D:11     | Noticed a hill giant
 10477 | D:11     | Killed a hill giant
 10477 | D:11     | Reached skill level 10 in Fighting
 10696 | D:11     | Noticed a purple ugly thing
 10703 | D:11     | Killed a purple ugly thing
 10768 | D:11     | Killed an unseen horror
 10790 | D:11     | Noticed a hill giant
 10797 | D:11     | Killed a hill giant
 11386 | D:11     | Killed an unseen horror
 11405 | D:11     | Noticed a red ugly thing
 11413 | D:11     | Killed a red ugly thing
 11413 | D:11     | Reached skill level 11 in Fighting
 11572 | D:12     | Reached XP level 12. HP: 100/100 MP: 18/18
 11977 | D:12     | Reached ***** piety under Cheibriados
 11993 | D:12     | Found a roughly hewn altar of Beogh.
 11999 | D:12     | Found a staircase to the Orcish Mines.
 12353 | D:12     | Noticed Fv001's ghost (amateur SpAs)
 12357 | D:12     | Killed Fv001's ghost
 13060 | D:13     | Noticed Erolcha
 13067 | D:13     | Killed Erolcha
 13126 | D:13     | Reached skill level 12 in Fighting
 13205 | D:13     | Reached skill level 10 in Invocations
 13431 | D:13     | Noticed a rakshasa
 13820 | D:13     | Noticed an ogre mage
 13831 | D:13     | Killed an ogre mage
 14251 | D:13     | Noticed a tengu warrior
 14260 | D:13     | Killed a tengu warrior
 14260 | D:13     | Reached XP level 13. HP: 58/109 MP: 20/20
 14654 | D:14     | Found a gate to the Vaults.
 14850 | D:14     | Reached skill level 13 in Fighting
 14971 | D:14     | Found a snail-covered altar of Cheibriados.
 15076 | D:14     | HP: 7/166 [white ugly thing (12)]
 15855 | Lair:1   | Entered Level 1 of the Lair of Beasts
 16250 | Lair:1   | Noticed Urug
 16265 | Lair:1   | Killed Urug
 16944 | Lair:1   | Reached skill level 10 in Armour
 17633 | Lair:2   | Reached skill level 10 in Shields
 18440 | Lair:3   | Reached skill level 14 in Fighting
 18452 | Lair:3   | Found a hole to the Spider Nest.
 18658 | Lair:3   | Reached ****** piety under Cheibriados
 18966 | Lair:3   | Gained mutation: You are completely covered in sharp spines. [demonic ancestry]
 18966 | Lair:3   | Reached XP level 14. HP: 108/120 MP: 20/23
 20260 | Lair:5   | Found a staircase to the Shoals.
 20413 | Lair:5   | Noticed Nessos
 20418 | Lair:5   | Killed Nessos
 20495 | Lair:5   | Got a slimy plate armour
 20496 | Lair:5   | Identified the +13 plate armour "Abbout" {rPois Str+5} (You found it on level 5 of the Lair of Beasts)
 20861 | Lair:6   | Noticed SirMumm's ghost (journeyman HEWz)
 20862 | Lair:6   | Noticed Fv001's ghost (journeyman DsCK)
 20881 | Lair:6   | Killed SirMumm's ghost
 20900 | Lair:6   | Killed Fv001's ghost
 22299 | Lair:7   | Reached skill level 15 in Fighting
 22842 | Lair:8   | Entered Level 8 of the Lair of Beasts
 22868 | Lair:8   | Reached skill level 1 in Spellcasting
 23052 | Lair:8   | Found a staircase to the Slime Pits.
 23284 | Lair:8   | Gained mutation: When hurt, damage is shared between your health and your magic reserves. [demonic ancestry]
 23284 | Lair:8   | Reached XP level 15. HP: 95/129 MP: 25/25
 23749 | Lair:8   | Reached skill level 5 in Spellcasting
 24352 | Spider:1 | Entered Level 1 of the Spider Nest
 24697 | Spider:1 | Noticed Nikola
 24739 | Spider:1 | Killed from afar by Nikola

Vault maps used:
D:1:      minmay_arrival_loop, minmay_surrounded
D:2:      nicolae_dithmenos_shadow_blocks, gammafunk_pakellas_cloud_experiment,
          lemuel_coloured_pillars_altar
D:3:      fedhas_altar_2, uniq_iyjb, uniq_robin, uniq_sigmund
D:4:      elyvilon_altar_4, kennysheep_mini_moat, serial_shops,
          nicolae_shop_crystal, roderic_batcave, kennysheep_okawaru_gauntlet,
          uniq_eustachio
D:5:      basic_altar, first_bread, uniq_edmund, uniq_grinder
D:6:      serial_shops, shop
D:7:      palyth_temple_overflow_mages, nicolae_ru_the_path_less_chosen,
          gammafunk_temple_overflow_statue, slow_altar_1,
          minmay_temple_entry_junction
D:8:      uniq_psyche
D:9:      erik_lair_island, hangedman_little_slice_of_home
D:10:     uniq_snorg
D:11:     enter_bailey_2, portal_ice_cave_entry_ice_beasts,
          grunt_decor_one_mirror
D:12:     david_orc_5
D:13:     minmay_open_boxes_in_corner, grunt_decor_mini_mirrors,
          hangedman_decor_lopped, uniq_erolcha
D:14:     david_vaults_2, basic_altar
Lair:1:   uniq_urug
Lair:3:   spider_nest_entry_webs, grunt_megastairs_3
Lair:5:   elwin_shoals_entry_rooms, serial_bayou_shore_b,
          bh_autumn_forest_stairs, uniq_nessos
Lair:6:   dragon1_lemuel
Lair:7:   infiniplex_staircase_pool_2
Lair:8:   minmay_lair_end_enchanted_forest, dpeg_slime_entry_corner,
          grunt_megastairs_5
Spider:1: spider_trap, uniq_nikola
IceCv:    ice_cave_statue_garden_02

Skill      XL: |  1  2  3  4  5  6  7  8  9 10 11 12 13 14 15 |
---------------+----------------------------------------------+-----
Axes           | 2 3 4 5 6 7 |  7.2
Shields        | 3 4 5 7 8 9 10 | 10.9
Dodging        | 1 2 4 5 6 8 |  8.2
Fighting       | 4 5 6 7 8 9 11 12 14 15 | 15.2
Armour         | 3 4 6 7 8 9 10 11 | 11.0
Invocations    | 3 6 8 10 12 13 | 13.4
Spellcasting   | 3 6 |  6.4

Action                   |  1- 3 |  4- 6 |  7- 9 | 10-12 | 13-15 || total
-------------------------+-------+-------+-------+-------+-------++-------
Melee: War axe           |    86 |    93 |   206 |    27 |       ||   412
       Mace              |       |       |       |   456 |  1063 ||  1519
Invok: Slouch            |       |       |       |     8 |    10 ||    18
       Step From Time    |       |       |       |     1 |       ||     1
Evoke: Wand              |       |       |       |     1 |       ||     1
  Use: Scroll            |       |       |       |    14 |    18 ||    32
       Potion            |       |       |       |    12 |     2 ||    14
 Stab: Sleeping          |       |       |       |       |     1 ||     1
       Invisible         |       |       |       |       |     6 ||     6
  Eat: Chunk             |     1 |     6 |    10 |    14 |    22 ||    53
